 Dungeon Crawl Stone Soup version 0.28-a0-834-g1a73be5ee4 (webtiles) character file.

Game seed: 5282531538187560669

1 emperorscorpion the Insei (level 1, -1/17 HPs)
             Began as a Djinni Transmuter on Nov 12, 2021.
             Slain by a gnoll (5 damage)
             ... on level 1 of the Dungeon.
             The game lasted 00:00:25 (55 turns).

emperorscorpion the Insei (Djinni Transmuter)         Turns: 55, Time: 00:00:25

Health: -1/17      AC:  2    Str:  9    XL:     1   Next: 22%
Gold:   17         EV: 12    Int: 14    God:
                   SH:  0    Dex: 13

rFire   + + .      SeeInvis .     - Unarmed
rCold   x . .      Faith    .   (no shield)
rNeg    . . .      Spirit   .   a - +0 robe
rPois   ∞          Reflect  .   (helmet currently unavailable)
rElec   .          Harm     .   (no cloak)
rCorr   .          Rampage  .   (no gloves)
Will    .....                   (boots unavailable)
Stlth   +.........              (no amulet)
HPRegen 0.05/turn               (no ring)
MPRegen 0.00/turn               (no ring)

@: appendages (expiring), flying
A: horns 2, flying, sickness immunity, fire resistance 2, cold vulnerability 1,
float, innate caster, hp casting, extra vitality 1
a: End Transformation


You were on level 1 of the Dungeon.
You had temporarily grown beastly horns.
You visited 1 branch of the dungeon, and saw 1 of its levels.

You collected 17 gold pieces.

Inventory:

Armour
 a - a +0 robe (worn)


   Skills:
 + Level 1.0 Fighting
 + Level 2.2 Dodging
 + Level 3.0 Unarmed Combat
 + Level 1.5 Spellcasting


You couldn't memorise any spells.
You knew the following spells:

 Your Spells              Type           Power      Damage    Failure   Level
a - Beastly Appendage     Tmut           10%        N/A       13%         1
b - Wereblood             Tmut           5%         N/A       21%         2
c - Spider Form           Tmut/Pois      5%         N/A       36%         3
d - Ice Form              Ice/Tmut       5%         N/A       78%         4
Your spell library was empty.

Dungeon Overview and Level Annotations

Branches:
Dungeon (1/15)

Altars:


Innate Abilities, Weirdness & Mutations

You have temporarily grown beastly horns.
You are flying.
You are immune to sickness and miasma.
You are immune to poison.
Your flesh is very heat resistant. (rF++)
You are vulnerable to cold. (rC-)
You float through the air rather than walking.
You learn spells naturally, not from books.
Your magical power is your life essence.
You have superior vitality. (+4 HP)


Message History

Found a barding.
Found a staircase leading out of the dungeon.
You begin with the following spells memorised: Beastly Appendage, Wereblood, Spider Form, Ice Form.
You now have 17 gold pieces.
Found 12 stones.
You see here 12 stones.
A rat comes into view.
You hit the rat.
You kill the rat!
A bat comes into view.
The bat hits you but does no damage.
Sorry, you're not good enough to have a special ability.
You closely miss the bat. The bat misses you. The bat closely misses you.
The bat barely misses you.
You hit the bat.
You kill the bat!
You see here a bat corpse.
A gnoll comes into view. It is wielding a +0 club.
Found a ring mail.
Cast which spell? (? or * to list)
You grow a pair of large bovine horns.
The gnoll shouts!
Unknown command.
You closely miss the gnoll. You hit the gnoll but do no damage.
The gnoll completely misses you.
You hit the gnoll.
The gnoll is lightly wounded.
The gnoll hits you with a +0 club.
You hit the gnoll.
The gnoll is moderately wounded.
The gnoll hits you with a +0 club.
You barely miss the gnoll. Your headbutt misses the gnoll.
The gnoll is moderately wounded.
Your transformation is almost over.
The gnoll hits you with a +0 club.
* * * LOW HITPOINT WARNING * * *
You closely miss the gnoll.
The gnoll is moderately wounded.
The gnoll hits you with a +0 club.
You die...

#########
.[....g.# #@#
#.# #†# #.# #.#
#.# #.######.#
#........#
..#.###.#######


You could see a gnoll.

Vanquished Creatures
  A bat (D:1)
  A rat (D:1)
2 creatures vanquished.

Notes
Turn   | Place    | Note
-------+----------+-------------------------------------------
     0 | D:1      | emperorscorpion the Djinni Transmuter began the quest for
                  | the Orb.
     0 | D:1      | Reached XP level 1. HP: 17/17 MP: 0/0
    55 | D:1      | Slain by a gnoll

Illustrated notes

Levels and vault maps discovered:
D:1:      tarquinn_simple_flora_water_a, layout_loops_ring,
          ebering_ecumenical_altar_abandoned, serial_shops,
          nicolae_shop_behind_doors, minmay_misc_feat_tiny, chequers_big_river

Action                   || total
-------------------------++-------
Melee: Unarmed           ||     9
 Cast: Beastly Appendage ||     1
Armor: Robe              ||     1
Dodge: Dodged            ||     4

Table legend: (Time is in decaauts)
 A = Elapsed time spent in this place.
 B = Non-inter-level travel time spent in this place.
 C = Inter-level travel time spent in this place.
 D = Time resting spent in this place.
 E = Time spent auto-exploring this place.
 F = Levels seen in this place.
 G = Mean time per level.
                   A        B        C        D        E       F      G
               +--------+--------+--------+--------+--------+-----+--------+
         Total |     54 |     54 |      0 |      0 |     36 |   1 |   54.0 |
       Dungeon |     54 |     54 |      0 |      0 |     36 |   1 |   54.0 |
               +--------+--------+--------+--------+--------+-----+--------+

Top non-repeatable levels by time:
     D:1: 54 daAuts
